Unix NetHack Version 3.7.0-80 Work-in-progress - last build Mar 20 2023 14:09:10 (4d3a4a9e917c0f86d3594936c235e576342b1c4a,branch:master). Game began 2023-03-25 10:27:24, ended 2023-03-25 16:40:50. 9629, chaotic male elven Wizard # -----|---------- |...............### ------------ |..............| #####*##*##*#*####################%#-..........| |..............| ----------------# |.........`| |)..............## |........@......##############..*......[.| ---------.------ #######|.....f..:Z....| # ------------ # #-............<.| # #### |....Y.........| # ### # ------------.--- ## ------.----.- # # |....`...>...#### # ## |...........| # 0#### |............###########0 # # ------------- ##### # ### ## # # ---------------- #--------.---- ###|..........(...| #|...........| ###-..............| |............######### |..%...........| ------------- ---------------- 9629 the Conjurer St:12 Dx:15 Co:13 In:17 Wi:9 Ch:12 Chaotic Dlvl:4 $:2033 HP:0(38) Pw:4(39) AC:9 Xp:5/222 T:2836 Latest messages: What do you want to throw? You can only throw one at a time. In what direction? The dart hits it. What do you want to throw? In what direction? You destroy it! What do you want to throw? Never mind. You see here a dwarf corpse. You see here a dagger. M - a dagger (2 in total). You stumble. You make a lot of noise! You attack thin air. You see here a dagger. M - a dagger (3 in total). You see here a dagger. M - a dagger (4 in total). You find a hidden door. The door opens. Pick an object. In what direction? The door closes. The monkey opens a door. The housecat misses the monkey. The housecat misses the monkey. The housecat misses the monkey. The housecat misses the monkey. The newt bites! The housecat misses the monkey. You stumble into a spider web! In what direction? The spell misses the dwarf zombie. The monkey hits! The monkey stole a scroll labeled JUYED AWK YACC. The monkey tries to run away with your scroll labeled JUYED AWK YACC. The dwarf zombie hits! The housecat misses the monkey. You don't have enough energy to cast that spell. You hit the dwarf zombie. The dwarf zombie hits! The housecat misses the monkey. You miss the dwarf zombie. The dwarf zombie hits! You hit the dwarf zombie. The dwarf zombie hits! You die... Do you want your possessions identified? [ynq] (y) Do you want to see your attributes? [ynq] (y) Inventory: Coins $ - 2033 gold pieces Amulets n - an uncursed amulet of reflection (being worn) Weapons y - 9 blessed +0 darts M - 4 +0 daggers (wielded) Armor v - a cursed -1 pair of leather gloves named cursed b - an uncursed +0 cloak of magic resistance (being worn) Comestibles u - an uncursed food ration Scrolls o - an uncursed scroll of confuse monster B - an uncursed scroll of earth h - 2 uncursed scrolls of gold detection i - an uncursed scroll of identify q - 2 uncursed scrolls of identify z - an uncursed scroll of taming p - a blessed scroll of teleportation Spellbooks k - an uncursed spellbook of detect monsters j - a blessed spellbook of force bolt K - an uncursed spellbook of slow monster Potions f - 2 uncursed potions of enlightenment g - an uncursed potion of extra healing D - an uncursed potion of extra healing r - an uncursed potion of restore ability t - an uncursed potion of see invisible w - an uncursed potion of sickness Rings d - an uncursed +1 ring of gain strength (on right hand) e - an uncursed ring of teleportation Wands E - a wand of lightning (0:7) c - a wand of striking (0:7) Tools m - an uncursed wooden harp l - a magic marker (0:82) N - a +0 pick-axe 9629 the Wizard's attributes: Background: You were a Conjurer, a level 5 male elven Wizard. You were chaotic, nominally on a mission for Anhur who was opposed by Ptah (lawful) and Thoth (neutral). You were in the Dungeons of Doom, on level 4. You entered the dungeon 2836 turns ago. You had 222 experience points, 98 more were needed to attain level 6. Basics: You had 0 out of 38 hit points. You had 4 out of 39 energy points (spell power). Your armor class was 9. Your wallet contained 2033 zorkmids. Autopickup was off. Final Characteristics: Your strength was 12 (base:11, limit:18). Your dexterity was 15 (limit:18). Your constitution was 13 (limit:16). Your intelligence was 17 (limit:20). Your wisdom was 9 (limit:20). Your charisma was 12 (limit:18). Final Status: You were trapped in a web. You were not hungry. You were unencumbered. You were wielding daggers. You were unskilled in dagger. Final Attributes: You were fervently aligned. You were magic-protected. You were sleep resistant. You had infravision. You were warded. You had reflection. You are dead. Miscellaneous: You never encountered a bones level. Total elapsed playing time was 21 minutes and 33 seconds. Major events: Turn 1: 9629 the chaotic male elven Wizard entered the dungeon 1284: attained the rank of Conjurer (level 3) 2078: entered the Gnomish Mines 2836: killed by a dwarf zombie Vanquished creatures: an imp a rock mole 2 gnome leaders an elf zombie 2 dwarves 4 rothes 2 orc zombies 3 dwarf zombies an acid blob a hobbit 2 large kobolds a cave spider a yellow mold 5 gnomes 8 garter snakes 3 geckos 2 jackals a fox a kobold 6 grid bugs a bat 5 lichens 2 kobold zombies 7 newts 63 creatures vanquished. No species were genocided or became extinct. Voluntary challenges: You were an atheist. You read items or engraved 6 times. You engraved Elbereth 4 times. You never genocided any monsters. You never polymorphed an object. You never changed form. You used no wishes. Achievements: You attained the rank of Conjurer. You entered the Gnomish Mines. The Dungeons of Doom: levels 1 to 5 Level 1: A grave. Level 2: Some fountains. Level 3: A fountain, a sink. Level 4: <- You were here. A grave. Stairs down to The Gnomish Mines. Final resting place for you, killed by a dwarf zombie. Level 5: A fountain. The Gnomish Mines: Level 5: Game over: ---------- / \ / REST \ / IN \ / PEACE \ / \ | 9629 | | 2033 Au | | killed by a | | dwarf zombie | | | | | | 2023 | *| * * * | * _________)/\\_//(\/(/\)/\//\/|_)_______ Goodbye 9629 the Wizard... You died in The Dungeons of Doom on dungeon level 4 with 2918 points, and 2033 pieces of gold, after 2836 moves. You were level 5 with a maximum of 38 hit points when you died.